 Dungeon Sprint DCSS version 0.21-a0-251-g5e8393f (webtiles) character file.

178900 Kidiri the Archmage (level 16, -3/117 HPs)
             Began as a Deep Elf Fire Elementalist on Sept 5, 2017.
             Was the Champion of Vehumet.
             Engulfed by a cloud of freezing vapour (16 damage)
             ... in the Dungeon (Sprint III: "The Ten Rune Challenge").
             The game lasted 01:21:34 (12865 turns).

Kidiri the Archmage (Deep Elf Fire Elementalist)   Turns: 12865, Time: 01:21:35

Health: -3/117     AC: 23    Str:  9    XL:     16   Next: 60%
Magic:  13/49      EV: 25    Int: 52    God:    Vehumet [******]
Gold:   4974       SH: 18    Dex: 28    Spells: 3/69 levels left

rFire    + . .     SeeInvis +   D - +8 dagger "Orb Guardian's Bane" {flame, Dex+4}
rCold    . . .     Gourm    .   p - +1 large shield {reflect}
rNeg     . . .     Faith    .   y - +2 troll leather armour of Integrity {rF+ Regen+ Str+4}
rPois    +         Spirit   .   t - +0 helmet {Int+3}
rElec    +         Reflect  +   E - +1 cloak
rCorr    .         Harm     .   F - +2 pair of gloves
MR       .....     NoTele   +   G - +2 pair of boots "Xagur" {rC- Int+10 SInv Stlth+}
Stlth    +.........             J - amulet of the Air {Inacc +Fly rElec EV+5 RMsl}
HPRegen  1.09/turn              Z - ring "Odidoj" {MR- Int+2 Dex+7 Stlth-}
MPRegen  0.31/turn              a - ring of Zan Foecu {rPois rC+ AC+3 Int+9 Stlth-}

@: glowing, repel missiles
A: talons 1, icy blue scales 1, agile 1, regeneration 1, robust 1, wild magic 1,
evolution 1, MP-powered wands
}: 3/10 runes: decaying, serpentine, silver
a: Renounce Religion, Evoke Flight


You were in the Dungeon.
You worshipped Vehumet.
Vehumet was exalted by your worship.
You were full.

You visited 1 branch You collected 8707 gold pieces.
You spent 3733 gold pieces at shops.

Inventory:

Hand Weapons
 D - the +8 dagger "Orb Guardian's Bane" (weapon) {flame, Dex+4}
   (You bought it in a shop in the Dungeon)

   It has been specially enchanted to burn those struck by it, causing extra
   injury to most foes and up to half again as much damage against particularly
   susceptible opponents.
   It affects your dexterity (+4).
Missiles
 x - 16 throwing nets (quivered)
Armour
 p - a +1 large shield of reflection (worn)
 t - a +0 helmet of intelligence (worn)
 y - the +2 troll leather armour of Integrity (worn) {rF+ Regen+ Str+4}
   (You acquired it in the Dungeon)

   It affects your strength (+4).
   It protects you from fire.
   It increases your rate of regeneration.
 E - a +1 cloak (worn)
 F - a +2 pair of gloves (worn)
 G - the +2 pair of boots "Xagur" (worn) {rC- Int+10 SInv Stlth+}
   (You bought it in a shop in the Dungeon)

   It affects your intelligence (+10).
   It makes you vulnerable to cold.
   It lets you see invisible.
   It makes you more stealthy.
 N - a +0 pair of gloves of strength
Jewellery
 a - the ring of Zan Foecu (right hand) {rPois rC+ AC+3 Int+9 Stlth-}
   (You bought it in a shop in the Dungeon)

   [ring of protection]

   It affects your AC (+3).
   It affects your intelligence (+9).
   It protects you from cold.
   It protects you from poison.
   It makes you less stealthy.
 J - the amulet of the Air (around neck) {Inacc +Fly rElec EV+5 RMsl}
   (You found it in the Dungeon)

   [amulet of inaccuracy]

   It reduces the accuracy of all your attacks.
   It affects your evasion (+5).
   It insulates you from electricity.
   It lets you fly.
   It protects you from missiles.
 Z - the ring "Odidoj" (left hand) {MR- Int+2 Dex+7 Stlth-}
   (You found it in the Dungeon)

   [ring of loudness]

   It affects your intelligence (+2).
   It affects your dexterity (+7).
   It affects your resistance to hostile enchantments.
   It makes you less stealthy.
Wands
 j - a wand of digging (9/24)
 u - a wand of paralysis (7/24)
 K - a wand of paralysis (16/24)
 P - a wand of disintegration (16/24)
 S - a wand of lightning (6/15)
 V - a wand of iceblast (5/15)
Scrolls
 b - a scroll of remove curse
 k - a scroll of holy word
 m - 6 scrolls of amnesia
 o - 3 scrolls of torment
 w - a scroll of recharging
 T - 6 scrolls of identify
Potions
 d - 2 potions of curing
 e - 3 potions of might
 f - 2 potions of haste
 g - a potion of brilliance
 h - 2 potions of berserk rage
 n - 6 potions of flight
 r - 4 potions of mutation
 s - a potion of heal wounds
 v - 2 potions of resistance
 z - a potion of agility
 A - a potion of cancellation
 B - 2 potions of ambrosia
 H - 3 potions of magic
 L - a potion of invisibility
Books
 i - a book of the Earth

   Spells                             Type                      Level
   a - Leda's Liquefaction            Hexes/Earth                  4
   b - Bolt of Magma                  Conjuration/Fire/Earth       5
   c - Statue Form                    Transmutation/Earth          6
   d - Iron Shot                      Conjuration/Earth            6
   e - Shatter                        Earth                        9
 l - a book of the Tempests

   Spells                             Type                      Level
   a - Static Discharge               Conjuration/Air              3
   b - Lightning Bolt                 Conjuration/Air              5
   c - Ignition                       Fire                         8
   d - Tornado                        Air                          9
   e - Shatter                        Earth                        9
 R - the Catalogue of Attacks
   (You found it in the Dungeon)

   Spells                             Type                      Level
   a - Shock                          Conjuration/Air              1
   b - Static Discharge               Conjuration/Air              3
   c - Bolt of Magma                  Conjuration/Fire/Earth       5
   d - Orb of Destruction             Conjuration                  7
Comestibles
 c - 4 bread rations
 q - 15 royal jellies


   Skills:
 + Level 14.9 Fighting
 - Level 8.8 Short Blades
 - Level 8.9 Armour
 - Level 10.9 Dodging
 - Level 2.4 Stealth
 + Level 11.5 Shields
 O Level 27 Spellcasting
 + Level 19.3 Conjurations
 + Level 19.4 Fire Magic
 + Level 15.5 Ice Magic
 + Level 14.1 Air Magic
 + Level 16.8 Earth Magic
 + Level 17.4 Poison Magic


You had 3 spell levels left.
You knew the following spells:

 Your Spells              Type           Power        Failure   Level  Hunger
a - Flame Tongue          Conj/Fire      #####        1%          1    None
b - Throw Flame           Conj/Fire      ######       1%          2    None
c - Conjure Flame         Conj/Fire      ########     1%          3    None
d - Inner Flame           Hex/Fire       ########     1%          3    None
e - Sticky Flame          Conj/Fire      ########     1%          4    None
f - Fireball              Conj/Fire      #########.   1%          5    None
g - Bolt of Fire          Conj/Fire      #########.   1%          6    None
h - Ignition              Fire           #########.   1%          8    None
i - Bolt of Cold          Conj/Ice       ########..   1%          6    None
j - Freezing Cloud        Conj/Ice/Air   ########..   1%          6    None
k - Lehudib's Crystal Sp  Conj/Erth      ########..   1%          8    None
l - Mephitic Cloud        Conj/Pois/Air  ########     1%          3    None
m - Olgreb's Toxic Radia  Pois           ########     1%          4    None
n - Orb of Destruction    Conj           #########.   1%          7    None


Dungeon Overview and Level Annotations

Branches:
Dungeon (1/1)

Altars:
Cheibriados
Dithmenos
Elyvilon
Fedhas
Gozag
Hepliaklqana
Kikubaaqudgha
Makhleb
Nemelex Xobeh
Okawaru
Qazlal
Ru
Sif Muna
Trog
Uskayaw
Vehumet
Wu Jian
Xom
Yredelemnul
Zin
The Shining One
Beogh
Jiyva
Lugonu

Shops:
D =[%(?=(}}}[%:?(:!=:![}*%

Annotations:
D exclusion: 6 doors, Mennas


Innate Abilities, Weirdness & Mutations

You have sharp toenails.
You are partially covered in icy blue scales. (AC +2)
You are agile. (Dex +2)
Your natural rate of healing is unusually fast.
You are robust. (+10% HP)
Your spells are a little harder to cast, but a little more powerful.
You evolve.
You expend magic power (3 MP) to strengthen your wands.


Message History

Unknown command.
You feel better.
You are engulfed in freezing vapours.
You block Mennas's attack. Mennas hits you but does no damage.
Unknown command.
Casting: Lehudib's Crystal Spear
Confirm with . or Enter, or press ? or * to list all spells.
Aiming: Lehudib's Crystal Spear
Press: ? - help, Shift-Dir - straight line Mennas blocks the crystal spear.
You are engulfed in freezing vapours.
* * * LOW HITPOINT WARNING * * *
Mennas is engulfed in freezing vapours.
Mennas hits you with a sacred scourge of holy wrath!!
* * * LOW HITPOINT WARNING * * *
You block Mennas's attack.
Mennas is engulfed in freezing vapours.
Mennas gestures frantically.
You are confused.
Okay, then.
Unknown command.
You feel better.
You are engulfed in freezing vapours.
You die...

##......#♣..._.#§.§.[#.. #.≈≈§≈≈#
##+#############'#####...###≈§###
##.♣♣ #..§..+...+ #.##.# ##♣.♣
#.#############..+ # ♣.♣♣ ######
#.#[..........+..# # ♣♣.♣ #....#
#.#.......######## # ♣.♣♣ #....#
#.#.....###:∩⌠⌠∩.# ♣.♣♣♣#....#
#.#)).###§#.∩⌠⌠∩.# # ♣..♣.#...##
#@#§###§§.#.∩∩∩∩.# # ♣♣....####♣♣
#A#+#§.§§§#.∩∩∩∩.# # ♣♣....≈≈.P♣
#§#§§§§§§§#......# # ♣♣..♣.♣♣♣♣.♣
#§#§§§.§§§###++### # ♣.≈≈§.≈..≈.♣
#§§...§..§#.♣..♣.# # ♣..≈.§§≈...♣
#########.#......# # ♣.♣≈.≈..§..♣
#.#.#.#.#........# # ♣♣♣♣♣♣♣♣∩∩∩♣
#(...............# # ♣♣♣♣♣
#................#


You could see Mennas.

Vanquished Creatures
  Mara (D)
  Sojobo (D)
  Boris (D)
  Nikola (D)
  A golden dragon (D)
  Rupert (D)
  A deep elf blademaster (D)
  A lich (D)
  A titan (D)
  2 quicksilver dragons (D)
  2 sphinxes (D)
  An ancient champion (D)
  Chuck (D)
  3 shadow dragons (D)
  Gastronok (D)
  Roxanne (D)
  A storm dragon (D)
  Dowan (D)
  A nagaraja (D)
  3 stone giants (D)
  2 vampire knights (D)
  3 deep elf annihilators (D)
  A deep elf demonologist (D)
  2 dire elephants (D)
  Azrael (D)
  3 mummy priests (D)
  2 yaktaur captains (D)
  2 deep elf high priests (D)
  An ogre mage (D)
  A fire dragon (D)
  Erolcha (D)
  2 hydras (D)
  A naga warrior (D)
  16 vault guards (D)
  2 hell beasts (D)
  2 centaur warriors (D)
  3 anacondas (D)
  4 death yaks (D)
  4 dancing weapons (D)
  A deep elf knight (D)
  Urug (D)
  2 soul eaters (D)
  2 sun demons (D)
  A shadow wraith (D)
  2 anaconda zombies (D)
  3 death drakes (D)
  A golden dragon zombie (D)
  A spriggan druid (D)
  An obsidian statue (D)
  8 skeletal warriors (D)
  A spectral hydra (D)
  An orange crystal statue (D)
  A spectral iron dragon (D)
  5 deep elf magi (D)
  A lindwurm (D)
  2 oklob plants (D)
  4 crystal guardians (D)
  8 ugly things (D)
  2 orc sorcerers (D)
  A stone giant skeleton (D)
  9 black mambas (D)
  2 elephants (D)
  An eye of devastation (shapeshifter) (D)
  A guardian serpent (D)
  4 statues (D)
  A molten gargoyle (D)
  Duvessa (D)
  2 spiny frogs (D)
  A komodo dragon (D)
  A rime drake (D)
  3 yaktaurs (D)
  3 guardian mummies (D)
  2 ice devils (D)
  A queen bee (D)
  3 wandering mushrooms (D)
  4 spriggan defenders (D)
  8 blink frogs (D)
  2 tyrant leeches (D)
  A wind drake (shapeshifter) (D)
  3 hornets (D)
  2 orc high priests (D)
  8 slime creatures (D)
  A redback (shapeshifter) (D)
  A shadow (D)
  2 spriggans (D)
  5 redbacks (D)
  A spatial vortex (D)
  2 nagas (D)
  2 iron troll simulacra (D)
  A floating eye (D)
  3 hydra simulacra (D)
  2 water moccasins (D)
  A swamp drake (D)
  A black mamba simulacrum (D)
  A fire dragon simulacrum (D)
  A necrophage (D)
  6 swamp dragon skeletons (D)
  5 two-headed ogres (D)
  A water elemental (D)
  32 killer bees (D)
  A scorpion (D)
  2 electric eels (D)
  A jelly (D)
  3 orc priests (D)
  2 orc wizards (D)
  A wizard (D)
  Jessica (D)
  A necromancer (D)
  3 humans (D)
  A kobold demonologist (D)
  3 adders (D)
  2 oozes (D)
  12 orcs (D)
  2 rats (D)
  A ballistomycete (D)
  A bush (D)
  9 butterflies (D)
  20 plants (D)
325 creatures vanquished.

Vanquished Creatures (others)
  2 draconian scorchers (D)
  A hydra (D)
  3 yaktaurs (D)
  6 hellions (D)
  An electric eel (D)
  6 ball lightnings (D)
  2 ballistomycete spores (D)
  A bush (D)
  4 plants (D)
26 creatures vanquished.

Grand Total: 351 creatures vanquished

Notes
Turn   | Place    | Note
-------+----------+-------------------------------------------
     0 | D        | Kidiri the Deep Elf Fire Elementalist began the quest for the Orb.
     0 | D        | Reached XP level 1. HP: 10/10 MP: 6/6
     3 | D        | Reached skill level 4 in Spellcasting
    20 | D        | Killed a yaktaur
    36 | D        | Reached XP level 2. HP: 10/15 MP: 3/9
    40 | D        | Learned a level 2 spell: Throw Flame
   103 | D        | Killed a hellion
   105 | D        | Killed a hellion
   106 | D        | Killed a hellion
   110 | D        | Killed a hellion
   110 | D        | Killed a hellion
   133 | D        | Killed a hellion
   138 | D        | Reached skill level 5 in Spellcasting
   139 | D        | Noticed Jessica
   141 | D        | Killed Jessica
   141 | D        | Reached skill level 6 in Spellcasting
   141 | D        | Reached XP level 3. HP: 19/19 MP: 7/13
   146 | D        | Learned a level 3 spell: Conjure Flame
   150 | D        | Learned a level 3 spell: Inner Flame
   197 | D        | Noticed a scorpion
   202 | D        | Killed a scorpion
   202 | D        | Reached skill level 8 in Spellcasting
   202 | D        | Reached skill level 5 in Fire Magic
   202 | D        | Reached XP level 4. HP: 24/24 MP: 9/16
   213 | D        | Killed a white draconian scorcher
   214 | D        | Learned a level 4 spell: Sticky Flame
   249 | D        | Gained mutation: Scrolls take you a little longer to read. [potion of mutation]
   249 | D        | Gained mutation: You are robust. (+10% HP) [potion of mutation]
   250 | D        | Lost mutation: You are robust. (+10% HP) [potion of mutation]
   250 | D        | Lost mutation: Scrolls take you a little longer to read. [potion of mutation]
   250 | D        | Gained mutation: You are somewhat resistant to further mutation. [potion of mutation]
   250 | D        | Gained mutation: You tend to lose your temper in combat. [potion of mutation]
   250 | D        | Gained mutation: You are agile. (Dex +2) [potion of mutation]
   251 | D        | Lost mutation: You tend to lose your temper in combat. [potion of mutation]
   251 | D        | Lost mutation: You are agile. (Dex +2) [potion of mutation]
   251 | D        | Lost mutation: You are somewhat resistant to further mutation. [potion of mutation]
   251 | D        | Gained mutation: You are robust. (+10% HP) [potion of mutation]
   251 | D        | Gained mutation: Your spells are a little harder to cast, but a little more powerful. [potion of mutation]
   251 | D        | Gained mutation: You evolve. [potion of mutation]
   286 | D        | Killed a white draconian scorcher
   338 | D        | Noticed a water elemental
   341 | D        | Killed a water elemental
   341 | D        | Reached skill level 10 in Spellcasting
   341 | D        | Reached skill level 5 in Conjurations
   341 | D        | Reached XP level 5. HP: 30/30 MP: 11/19
   348 | D        | Learned a level 5 spell: Fireball
   388 | D        | Found a radiant altar of Vehumet.
   389 | D        | Found a deep blue altar of Sif Muna.
   389 | D        | Found an ancient bone altar of Kikubaaqudgha.
   393 | D        | Reached skill level 1 in Fighting
   393 | D        | Reached skill level 1 in Armour
   414 | D        | Became a worshipper of Vehumet
   419 | D        | Killed a yaktaur
   628 | D        | Found a glowing silver altar of Zin.
   629 | D        | Found a glowing golden altar of the Shining One.
   629 | D        | Found a white marble altar of Elyvilon.
   629 | D        | Noticed a deep elf mage
   640 | D        | Killed a deep elf mage
   640 | D        | Reached skill level 5 in Dodging
   640 | D        | Reached skill level 12 in Spellcasting
   640 | D        | Reached XP level 6. HP: 23/40 MP: 7/23
   640 | D        | Reached XP level 7. HP: 26/45 MP: 7/24
   764 | D        | Found an ornate altar of the Wu Jian Council.
   764 | D        | Found a roughly hewn altar of Beogh.
   764 | D        | Found an iron altar of Okawaru.
   764 | D        | Found a bloodstained altar of Trog.
   764 | D        | Found a hide-covered altar of Uskayaw.
   764 | D        | Noticed a human
   767 | D        | Killed a human
   767 | D        | Killed a human
   767 | D        | Reached * piety under Vehumet
   767 | D        | Offered knowledge of Sting by Vehumet.
   767 | D        | Reached skill level 13 in Spellcasting
   840 | D        | Found a basalt altar of Yredelemnul.
   840 | D        | Found a shadowy altar of Dithmenos.
   840 | D        | Found a sacrificial altar of Ru.
  1116 | D        | Noticed a shadow
  1116 | D        | Offered knowledge of Freeze by Vehumet.
  1116 | D        | Reached ** piety under Vehumet
  1116 | D        | Reached XP level 8. HP: 51/51 MP: 18/27
  1158 | D        | Found a blossoming altar of Fedhas.
  1158 | D        | Found a stormy altar of Qazlal.
  1158 | D        | Found a snail-covered altar of Cheibriados.
  1158 | D        | Found a burning altar of Makhleb.
  1158 | D        | Found a shimmering altar of Xom.
  1159 | D        | Found a hazy altar of Hepliaklqana.
  1159 | D        | Found an opulent altar of Gozag.
  1159 | D        | Found a sparkling altar of Nemelex Xobeh.
  1159 | D        | Found a corrupted altar of Lugonu.
  1159 | D        | Found a viscous altar of Jiyva.
  1274 | D        | Reached skill level 5 in Short Blades
  1275 | D        | Reached *** piety under Vehumet
  1275 | D        | Reached skill level 14 in Spellcasting
  1375 | D        | Noticed a two-headed ogre
  1381 | D        | Killed a two-headed ogre
  1381 | D        | Offered knowledge of Static Discharge by Vehumet.
  1431 | D        | Noticed a two-headed ogre
  1431 | D        | Noticed Erolcha
  1440 | D        | Paralysed by Erolcha for 5 turns
  1443 | D        | Killed Erolcha
  1443 | D        | Reached skill level 5 in Fighting
  1443 | D        | Reached skill level 5 in Armour
  1443 | D        | Reached skill level 15 in Spellcasting
  1443 | D        | Reached XP level 9. HP: 29/58 MP: 9/30
  1447 | D        | Killed a two-headed ogre
  1447 | D        | Reached skill level 10 in Fire Magic
  1680 | D        | Offered knowledge of Olgreb's Toxic Radiance by Vehumet.
  1680 | D        | Reached **** piety under Vehumet
  1686 | D        | Learned a level 4 spell: Olgreb's Toxic Radiance
  1727 | D        | Offered knowledge of Iskenderun's Battlesphere by Vehumet.
  1804 | D        | Reached ***** piety under Vehumet
  1804 | D        | Reached skill level 1 in Poison Magic
  1808 | D        | Reached skill level 10 in Conjurations
  1808 | D        | Reached ****** piety under Vehumet
  1808 | D        | Reached skill level 16 in Spellcasting
  1810 | D        | Reached XP level 10. HP: 65/65 MP: 23/32
  2020 | D        | Offered knowledge of Iskenderun's Mystic Blast by Vehumet.
  2066 | D        | Noticed a spiny frog
  2066 | D        | Noticed a spiny frog
  2071 | D        | Killed a spiny frog
  2071 | D        | Reached skill level 10 in Dodging
  2077 | D        | Killed a spiny frog
  2080 | D        | Reached skill level 17 in Spellcasting
  2080 | D        | Reached skill level 5 in Poison Magic
  2130 | D        | Gained mutation: You are partially covered in icy blue scales. (AC +2) [evolution]
  2199 | D        | Offered knowledge of Ozocubu's Refrigeration by Vehumet.
  2273 | D        | Noticed a lindwurm
  2281 | D        | Killed a lindwurm
  2636 | D        | Noticed Urug
  2644 | D        | Killed Urug
  2644 | D        | Reached XP level 11. HP: 43/73 MP: 14/34
  2781 | D        | Noticed a six-headed hydra
  2781 | D        | Noticed an eight-headed hydra
  2804 | D        | Killed a six-headed hydra
  2804 | D        | Offered knowledge of Iron Shot by Vehumet.
  2894 | D        | Killed an eight-headed hydra
  3051 | D        | Learned a level 6 spell: Iron Shot
  3128 | D        | Noticed a death drake
  3132 | D        | Killed a death drake
  3132 | D        | Reached skill level 18 in Spellcasting
  3132 | D        | Reached skill level 1 in Earth Magic
  3362 | D        | Found a blossoming altar of Fedhas.
  3362 | D        | Noticed a spriggan druid
  3365 | D        | Paralysed by a spriggan for 6 turns
  3365 | D        | Killed a spriggan druid
  3720 | D        | Offered knowledge of Conjure Ball Lightning by Vehumet.
  3754 | D        | Noticed Rupert
  3764 | D        | Killed Rupert
  3764 | D        | Reached skill level 19 in Spellcasting
  3796 | D        | Noticed a death yak
  3797 | D        | Noticed a death yak
  3801 | D        | Noticed a death yak
  3801 | D        | Killed a death yak
  3802 | D        | Noticed a death yak
  3803 | D        | Killed a death yak
  3803 | D        | Reached skill level 5 in Earth Magic
  3807 | D        | Killed a death yak
  3807 | D        | Reached XP level 12. HP: 81/81 MP: 9/37
  3819 | D        | Killed a death yak
  3968 | D        | Noticed an azure jelly
  3968 | D        | Noticed an azure jelly
  3973 | D        | Offered knowledge of Bolt of Fire by Vehumet.
  3983 | D        | Learned a level 6 spell: Bolt of Fire
  4073 | D        | Noticed an anaconda
  4074 | D        | Reached skill level 20 in Spellcasting
  4076 | D        | Killed an anaconda
  4122 | D        | Noticed an anaconda
  4124 | D        | Killed an anaconda
  4127 | D        | Offered knowledge of Bolt of Cold by Vehumet.
  4162 | D        | Learned a level 6 spell: Bolt of Cold
  4386 | D        | Noticed an anaconda
  4389 | D        | Killed an anaconda
  4389 | D        | Reached skill level 1 in Ice Magic
  4578 | D        | Reached skill level 10 in Poison Magic
  4621 | D        | Noticed a naga warrior
  4621 | D        | Noticed a nagaraja
  4625 | D        | Offered knowledge of Freezing Cloud by Vehumet.
  4626 | D        | Killed a nagaraja
  4626 | D        | Reached skill level 21 in Spellcasting
  4630 | D        | Killed a naga warrior
  4631 | D        | Found Foepioro's Jewellery Boutique.
  4631 | D        | Found Qaedwublui's Antique Armour Emporium.
  4634 | D        | Found Ekobud's Food Shop.
  4820 | D        | Learned a level 6 spell: Freezing Cloud
  4841 | D        | Got a serpentine rune of Zot
  4983 | D        | Reached skill level 1 in Air Magic
  4997 | D        | Got a jewelled hand axe
  5008 | D        | Identified the +9 hand axe "Itixij" {venom, rC++ Dex-3} (You found it in the Dungeon)
  5562 | D        | Offered knowledge of Lehudib's Crystal Spear by Vehumet.
  5562 | D        | Offered knowledge of Chain Lightning by Vehumet.
  5562 | D        | Offered knowledge of Tornado by Vehumet.
  5723 | D        | Found Liamieh's Magic Scroll Emporium.
  5723 | D        | Found Duuwuocw's Jewellery Shop.
  5768 | D        | Noticed a six-headed hydra
  5769 | D        | Killed a six-headed hydra
  5769 | D        | Reached skill level 10 in Fighting
  5769 | D        | Reached XP level 13. HP: 87/87 MP: 17/40
  5770 | D        | Found Lurchobum's Antique Weapon Shoppe.
  5784 | D        | Got a decaying rune of Zot
  5910 | D        | Learned a level 8 spell: Lehudib's Crystal Spear
  6008 | D        | Found Losuf's Weapon Shoppe.
  6252 | D        | Bought the ring of Zan Foecu {rPois rC+ AC+3 Int+9 Stlth-} for 737 gold pieces
  6254 | D        | Bought a runed hat for 203 gold pieces
  6331 | D        | Noticed an azure jelly
  6331 | D        | Noticed an azure jelly
  6333 | D        | Noticed a dire elephant
  6333 | D        | Noticed a dire elephant
  6333 | D        | Noticed Gastronok
  6336 | D        | Reached skill level 5 in Ice Magic
  6337 | D        | Killed Gastronok
  6338 | D        | Killed a dire elephant
  6339 | D        | Reached skill level 22 in Spellcasting
  6340 | D        | Killed a dire elephant
  6572 | D        | Bought a +4 ring of intelligence for 324 gold pieces
  6573 | D        | Bought a scroll of amnesia for 35 gold pieces
  6573 | D        | Bought a scroll of identify for 20 gold pieces
  6573 | D        | Bought a scroll of blinking for 75 gold pieces
  6573 | D        | Bought a scroll of identify for 20 gold pieces
  6573 | D        | Bought a scroll of enchant armour for 75 gold pieces
  6573 | D        | Bought a scroll of enchant armour for 75 gold pieces
  6706 | D        | Noticed a deep elf demonologist
  6707 | D        | Noticed a deep elf annihilator
  6746 | D        | Killed a deep elf annihilator
  6746 | D        | Reached skill level 5 in Air Magic
  6746 | D        | Reached skill level 10 in Earth Magic
  6746 | D        | Killed a deep elf demonologist
  6746 | D        | Reached skill level 1 in Shields
  6747 | D        | Noticed a deep elf annihilator
  6747 | D        | Killed a deep elf annihilator
  6748 | D        | Noticed a deep elf blademaster
  6749 | D        | Noticed a deep elf annihilator
  6751 | D        | Killed a deep elf annihilator
  7078 | D        | Gained mutation: You are agile. (Dex +2) [evolution]
  7085 | D        | Killed a deep elf blademaster
  7085 | D        | Reached skill level 15 in Fire Magic
  7090 | D        | Found the amulet of the Air {Inacc +Fly rElec EV+5 RMsl}
  7091 | D        | Got a brightly glowing long sword {slice}
  7109 | D        | Identified the Catalogue of the Shifting Compass
  7111 | D        | Got a shimmering shortbow
  7115 | D        | Identified the Tome of the Frostbite
  7115 | D        | Identified the Catalogue of Flames and Battle Magic
  7120 | D        | Got a slimy ruby amulet
  7136 | D        | Identified the +10 long sword of Fortitude {slice, rPois} (You took it off a deep elf high priest in the Dungeon)
  7143 | D        | Identified the +10 shortbow of Revolt {speed, Fragile rN+ MR+ Int+5} (You found it in the Dungeon)
  7148 | D        | Identified the amulet "Tuskiori" {rN+ Regen+ Dex+3} (You found it in the Dungeon)
  7424 | D        | Learned a level 3 spell: Mephitic Cloud
  7445 | D        | Noticed Dowan
  7445 | D        | Noticed Duvessa
  7450 | D        | Killed Dowan
  7450 | D        | Reached skill level 23 in Spellcasting
  7456 | D        | Killed Duvessa
  7726 | D        | Reached skill level 15 in Conjurations
  7735 | D        | Found Awurus's Jewellery Emporium.
  7735 | D        | Found Voujuk Koce's Distillery.
  7735 | D        | Found Engeybu's Book Boutique.
  7735 | D        | Found Vuuduh's Food Shoppe.
  7735 | D        | Found Woxuig's Distillery.
  7735 | D        | Found Elekhiti's Book Emporium.
  7735 | D        | Found Weisum's Antique Weapon Shoppe.
  7735 | D        | Found Qyirizoq's Assorted Antiques.
  7735 | D        | Found Gidixaypn's Magic Scroll Shop.
  7735 | D        | Found Xoixkagg's Gadget Emporium.
  7735 | D        | Found Keach's Book Emporium.
  7735 | D        | Found Zen Ren's Antique Armour Boutique.
  7763 | D        | Bought a dazzling dagger for 154 gold pieces
  7763 | D        | Identified the +8 dagger "Orb Guardian's Bane" {flame, Dex+4} (You bought it in a shop in the Dungeon)
  7766 | D        | Bought a pair of faintly humming boots for 237 gold pieces
  7771 | D        | Identified the +2 pair of boots "Xagur" {rC- Int+10 SInv Stlth+} (You bought it in a shop in the Dungeon)
  8029 | D        | Gained mutation: You have sharp toenails. [evolution]
  8083 | D        | Reached XP level 14. HP: 99/99 MP: 37/43
  8662 | D        | Bought a scroll of identify for 20 gold pieces
  8662 | D        | Bought a scroll of identify for 20 gold pieces
  8668 | D        | Bought a book of the Tempests for 980 gold pieces
  8684 | D        | Bought a potion of brilliance for 40 gold pieces
  8684 | D        | Bought a potion of heal wounds for 50 gold pieces
  8684 | D        | Bought a potion of curing for 30 gold pieces
  8684 | D        | Bought a potion of heal wounds for 50 gold pieces
  8684 | D        | Bought a potion of agility for 40 gold pieces
  8684 | D        | Bought a potion of magic for 80 gold pieces
  8686 | D        | Bought a potion of curing for 39 gold pieces
  8686 | D        | Bought a potion of curing for 39 gold pieces
  8686 | D        | Bought a potion of heal wounds for 65 gold pieces
  8686 | D        | Bought a potion of magic for 104 gold pieces
  8686 | D        | Bought a potion of curing for 39 gold pieces
  8686 | D        | Bought a potion of curing for 39 gold pieces
  8686 | D        | Bought a potion of curing for 39 gold pieces
  8686 | D        | Bought a potion of invisibility for 104 gold pieces
  8922 | D        | Noticed Chuck
  8924 | D        | Killed Chuck
  8924 | D        | Reached skill level 5 in Shields
  8949 | D        | Identified the Disquisition on Cloudy Transformation
  8980 | D        | Noticed Sojobo
  8992 | D        | Killed Sojobo
  8992 | D        | Reached skill level 24 in Spellcasting
  9134 | D        | Noticed a lich
  9136 | D        | Killed a lich
  9136 | D        | Reached skill level 10 in Ice Magic
  9153 | D        | Noticed a shadow dragon
  9153 | D        | Noticed a shadow dragon
  9168 | D        | Killed a shadow dragon
  9333 | D        | Learned a level 8 spell: Ignition
  9343 | D        | Killed a shadow dragon
  9435 | D        | Gained mutation: Your natural rate of healing is unusually fast. [evolution]
  9766 | D        | Noticed an ancient lich
  9785 | D        | Identified the Catalogue of Attacks
  9801 | D        | Got a pitted scale mail
  9812 | D        | Identified the +4 scale mail "Xiacenub" {Int+2} (You found it in the Dungeon)
  9910 | D        | Noticed a sphinx
  9910 | D        | Noticed a sphinx
  9913 | D        | Killed a sphinx
  9913 | D        | Reached skill level 25 in Spellcasting
  9913 | D        | Killed a sphinx
 10040 | D        | Noticed a reaper
 10145 | D        | Reached XP level 15. HP: 106/106 MP: 26/46
 10300 | D        | Noticed a titan
 10300 | D        | Noticed a shadow dragon
 10300 | D        | Noticed a golden dragon
 10300 | D        | Noticed a quicksilver dragon
 10301 | D        | Noticed a quicksilver dragon
 10302 | D        | Reached skill level 10 in Air Magic
 10302 | D        | Killed a titan
 10302 | D        | Killed a quicksilver dragon
 10302 | D        | Killed a quicksilver dragon
 10302 | D        | Reached skill level 26 in Spellcasting
 10302 | D        | Reached skill level 15 in Poison Magic
 10305 | D        | Killed a shadow dragon
 10306 | D        | Killed a golden dragon
 10332 | D        | Got a silver rune of Zot
 10344 | D        | Got a steaming granite ring
 10356 | D        | Got a translucent golden ring
 10383 | D        | Identified the ring of Utolut {rElec MR+ Dex+3 Stlth+} (You found it in the Dungeon)
 10385 | D        | Identified the ring "Odidoj" {MR- Int+2 Dex+7 Stlth-} (You found it in the Dungeon)
 10416 | D        | Got a pitted platinum ring
 10438 | D        | Identified the cursed ring "Oqiggurgh" {rN+ Dex-3} (You found it in the Dungeon)
 11131 | D        | Noticed Azrael
 11135 | D        | Killed Azrael
 11252 | D        | Got a pitted troll leather armour
 11263 | D        | Identified the +2 troll leather armour of Integrity {rF+ Regen+ Str+4} (You acquired it in the Dungeon)
 11282 | D        | Learned a level 7 spell: Orb of Destruction
 11305 | D        | Reached skill level 27 in Spellcasting
 11500 | D        | Noticed Boris
 11503 | D        | Killed Boris
 11503 | D        | Reached skill level 15 in Earth Magic
 11503 | D        | Reached XP level 16. HP: 115/115 MP: 45/49
 11569 | D        | Found Uhiteg's Gadget Emporium.
 11569 | D        | Found Icze's Armour Shop.
 11569 | D        | Found Xoep's Gadget Shop.
 11569 | D        | Found Ruisoamm's Food Shoppe.
 11574 | D        | Reached skill level 10 in Shields
 11637 | D        | Noticed Roxanne
 11644 | D        | Killed Roxanne
 11723 | D        | Found Tebavaff's Gadget Boutique.
 12180 | D        | Gained mutation: You expend magic power (3 MP) to strengthen your wands. [evolution]
 12326 | D        | Noticed Nikola
 12326 | D        | Noticed a storm dragon
 12328 | D        | Killed a storm dragon
 12330 | D        | Killed Nikola
 12413 | D        | Noticed Mara
 12430 | D        | Killed Mara
 12430 | D        | Reached skill level 15 in Ice Magic
 12574 | D        | Noticed an ancient champion
 12577 | D        | Killed an ancient champion
 12822 | D        | Noticed Mennas
 12865 | D        | Engulfed by a cloud of freezing vapour

Vault maps used:
D:        dungeon_sprint_mu

Skill      XL: |  1  2  3  4  5  6  7  8  9 10 11 12 13 14 15 16 |
---------------+-------------------------------------------------+-----
Spellcasting   | 4 6 8 10 12 13 15 16 17 19 21 23 25 27 | 27.0
Conjurations   | 2 3 4 5 7 8 9 10 11 12 13 15 16 18 19 | 19.3
Fire Magic     | 4 5 6 8 9 10 11 12 14 15 16 18 19 | 19.4
Fighting       | 3 5 6 7 8 10 11 12 13 14 | 14.9
Armour         | 3 5 6 7 8 |  8.9
Dodging        | 5 6 8 9 10 | 10.9
Short Blades   | 3 4 6 7 8 |  8.8
Poison Magic   | 2 5 8 10 12 14 16 17 | 17.4
Earth Magic    | 5 8 11 13 15 16 | 16.8
Ice Magic      | 4 8 11 13 15 | 15.5
Air Magic      | 2 6 9 12 14 | 14.1
Shields        | 3 7 9 11 | 11.5
Stealth        | |  2.4

Action                   |  1- 3 |  4- 6 |  7- 9 | 10-12 | 13-15 | 16-18 || total
-------------------------+-------+-------+-------+-------+-------+-------++-------
Melee: Unarmed           |       |     1 |       |       |       |       ||     1
       Dagger            |       |       |       |    16 |    63 |    18 ||    97
Throw: Throwing net      |       |       |       |       |       |     2 ||     2
 Cast: Flame Tongue      |    11 |    11 |    53 |    45 |    14 |       ||   134
       Throw Flame       |     1 |       |       |     1 |       |       ||     2
       Conjure Flame     |       |     1 |     9 |     3 |     1 |       ||    14
       Sticky Flame      |       |     3 |     7 |    21 |     4 |     3 ||    38
       Fireball          |       |     1 |     2 |    13 |     7 |       ||    23
       Inner Flame       |       |       |     9 |     1 |     1 |       ||    11
       Olgreb's Toxic Ra |       |       |     3 |    10 |     9 |     3 ||    25
       Iron Shot         |       |       |       |    33 |     7 |       ||    40
       Bolt of Fire      |       |       |       |    17 |    47 |    22 ||    86
       Bolt of Cold      |       |       |       |     6 |    16 |     6 ||    28
       Freezing Cloud    |       |       |       |     1 |     9 |     3 ||    13
       Lehudib's Crystal |       |       |       |       |    32 |     4 ||    36
       Mephitic Cloud    |       |       |       |       |     3 |       ||     3
       Ignition          |       |       |       |       |     9 |     5 ||    14
       Orb of Destructio |       |       |       |       |    10 |    11 ||    21
 Abil: Evoke Flight      |       |       |       |       |    10 |     2 ||    12
Evoke: Wand              |       |       |       |       |     1 |       ||     1
  Use: Potion            |       |     3 |       |     2 |     4 |     9 ||    18
       Scroll            |       |       |       |     4 |    18 |     1 ||    23
 Stab: Sleeping          |       |       |       |     2 |     3 |       ||     5
       Confused          |       |       |       |     1 |       |       ||     1
  Eat: Chunk             |       |       |     3 |       |     4 |       ||     7
       Royal jelly       |       |       |       |     7 |     4 |     5 ||    16
       Fruit             |       |       |       |     6 |     2 |       ||     8
Armor: Robe              |       |       |       |     1 |       |       ||     1
       Leather armour    |       |       |       |     7 |    18 |       ||    25
       Troll leather arm |       |       |       |       |       |     7 ||     7
Dodge: Dodged            |       |     2 |    13 |    72 |    65 |    21 ||   173
       Deflected         |       |       |       |       |     8 |     1 ||     9
Block: Buckler           |       |       |       |       |    17 |       ||    17
       Large shield      |       |       |       |       |     4 |    39 ||    43
       Reflection        |       |       |       |       |     1 |     1 ||     2

Table legend:
 A = Spawn XP
 B = Non-spawn XP
 C = Spawn XP percentage of total XP
 D = Spawn monster count
 E = Non-spawn monster count
 F = Spawn count percentage of total count
 G = Total turns spent on level
                    A         B        C        D         E        F      G
               +---------+---------+-------+---------+---------+-------+---------
         Total |       0 |  191287 |   0.0 |       0 |     294 |   0.0 | 12865
               +---------+---------+-------+---------+---------+-------+---------
             D |       0 |  191287 |   0.0 |       0 |     294 |   0.0 | 12865
               +---------+---------+-------+---------+---------+-------+---------
